 Dungeon Crawl Stone Soup version 0.22-a0-75-g1fede22 (webtiles) character file.

1183 KristoblXynda the Slasher (level 8, -5/44 HPs)
             Began as a Tengu Gladiator on Jan 12, 2018.
             Was an Initiate of Gozag.
             Killed from afar by an orc wizard (9 damage)
             ... with a magic dart
             ... on level 5 of the Dungeon.
             The game lasted 00:08:53 (5035 turns).

KristoblXynda the Slasher (Tengu Gladiator)         Turns: 5035, Time: 00:08:53

Health: -5/44      AC:  1    Str: 16    XL:     8   Next: 42%
Magic:  9/9        EV: 13    Int: 13    God:    Gozag
Gold:   187        SH:  0    Dex: 15    Spells: 7/7 levels left

rFire    . . .     SeeInvis .   a - +0 long sword
rCold    . . .     Gourm    .   j - +0 buckler
rNeg     . . .     Faith    .   i - +0 ring mail
rPois    +         Spirit   .   c - +0 hat
rElec    .         Reflect  .   k - +2 cloak {rPois}
rCorr    .         Harm     .   (no gloves)
MR       .....                  (boots unavailable)
Stlth    ..........             (no amulet)
HPRegen  0.14/turn              m - +3 ring of intelligence
MPRegen  0.11/turn              (no ring)

@: confused, corroded
A: beak, talons 3, able to fly 1
a: Fly, Potion Petition, Call Merchant, Bribe Branch, Renounce Religion


You were on level 5 of the Dungeon.
You worshipped Gozag.
Gozag was aware of your devotion.
You were hungry.

You visited 2 branches of the dungeon, and saw 6 of its levels.

You collected 258 gold pieces.
You paid 71 gold pieces to Gozag.

Inventory:

Hand Weapons
 a - a +0 long sword (weapon)
Missiles
 d - a throwing net (quivered)
Armour
 c - a +0 hat (worn)
 i - a +0 ring mail (worn)
 j - a +0 buckler (worn)
 k - a +2 cloak of poison resistance (worn)
Jewellery
 m - a +3 ring of intelligence (left hand)
Scrolls
 b - a scroll of noise {unknown}
 g - a scroll of fear {unknown}
 h - a scroll of amnesia
 l - a scroll of remove curse
 n - 4 scrolls of blinking
 o - 2 scrolls of teleportation
Potions
 e - a potion of curing
Comestibles
 f - 7 rations


   Skills:
 - Level 2.0 Fighting
 + Level 6.7 Long Blades
 + Level 2.6 Throwing
 + Level 5.6 Armour
 - Level 5.1 Dodging
 - Level 4.3 Shields


You had 7 spell levels left.
You didn't know any spells.

Dungeon Overview and Level Annotations

Branches:
Dungeon (5/15)             Temple (1/1) D:5

Altars:
Ashenzari
Dithmenos
Gozag
Hepliaklqana
Kikubaaqudgha
Nemelex Xobeh
Okawaru
Qazlal
Ru
Sif Muna
Trog
Uskayaw
Wu Jian
Xom
Yredelemnul
Zin
The Shining One


Innate Abilities, Weirdness & Mutations

You have a beak for a mouth.
You have claws for feet.
You can fly.


Message History

The orc wizard shouts!
The orc shouts!
The orc wizard casts a spell at you.
You are confused.
An orc comes into view. It is wielding a mace.
The orc shouts!
The orc wizard points at you and mumbles some strange words.
The magic dart hits you!
You bump into the rock wall.
The orc wizard points at you and mumbles some strange words.
The puff of flame hits you! The orc wizard casts a spell at you.
The magic dart hits you!
* * * LOW HITPOINT WARNING * * *
The orc wizard gestures at you while chanting.
You resist with some effort.
You bump into the rock wall.
The orc wizard points at you and mumbles some strange words.
The magic dart hits you!
You die...
Your body crumbles into a pile of gold.

##.............#.#.#
##..####.###.......#
##..####.# #...#.##...
##....##.#
#...........
##..#.##.# ###.####...
##..#.##.#####)#### .#
..................#..#
##.##.########.##.#..#
#.# .########.#@....##
#.# .................#
#.# ..###............#
#.# # #.....oo.....#
#.# #..$_.).#...### .#
#...o...#o..#
.............#
......o.#.#..##
#####..##.#..#


You could see 2 orc wizards and 3 orcs.

Vanquished Creatures
  Pikel (D:4)
  Duvessa (D:4)
  An ogre (D:4)
  Dowan (D:4)
  A quasit (D:5)
  Crazy Yiuf (D:4)
  A jelly (D:5)
  A bullfrog skeleton (D:4)
  A centaur skeleton (D:4)
  2 worker ants (D:5)
  2 iguanas
  4 gnolls (D:5)
  11 adders
  2 worms
  2 dart slugs
  4 leopard geckos
  6 orcs
  9 bats
  3 giant cockroaches
  5 goblins
  9 hobgoblins
  7 jackals
  7 ball pythons
  3 frilled lizards
  A jackal zombie (D:5)
  8 kobolds
  5 rats
99 creatures vanquished.

Notes
Turn   | Place    | Note
-------+----------+-------------------------------------------
     0 | D:1      | KristoblXynda the Tengu Gladiator began the quest for the Orb.
     0 | D:1      | Reached XP level 1. HP: 12/12 MP: 2/2
    52 | D:1      | Reached XP level 2. HP: 15/17 MP: 3/3
   108 | D:1      | Reached skill level 1 in Armour
   554 | D:1      | Reached XP level 3. HP: 21/21 MP: 4/4
   921 | D:2      | Reached skill level 4 in Long Blades
   961 | D:2      | Reached XP level 4. HP: 13/26 MP: 5/5
  1868 | D:3      | Reached skill level 1 in Shields
  1967 | D:3      | Gained mutation: You can fly. [Tengu growth]
  1967 | D:3      | Reached XP level 5. HP: 19/30 MP: 6/6
  2619 | D:4      | Noticed an ogre
  2632 | D:4      | Noticed Duvessa
  2632 | D:4      | Noticed Dowan
  2639 | D:4      | Found a runed door.
  2693 | D:4      | Noticed Crazy Yiuf
  2700 | D:4      | Killed Crazy Yiuf
  2734 | D:4      | Reached XP level 6. HP: 23/35 MP: 7/7
  3029 | D:4      | Killed Duvessa
  3029 | D:4      | Reached skill level 5 in Long Blades
  3029 | D:4      | Reached skill level 5 in Dodging
  3041 | D:4      | Killed Dowan
  3041 | D:4      | Reached XP level 7. HP: 19/40 MP: 8/8
  4024 | D:4      | Noticed Pikel
  4078 | D:4      | Killed Pikel
  4078 | D:4      | Reached skill level 6 in Long Blades
  4078 | D:4      | Reached skill level 5 in Armour
  4078 | D:4      | Reached XP level 8. HP: 24/44 MP: 9/9
  4369 | D:5      | Entered Level 5 of the Dungeon
  4444 | D:5      | Found a staircase to the Ecumenical Temple.
  4454 | Temple   | Entered the Ecumenical Temple
  4721 | Temple   | Became a worshipper of Gozag Ym Sagoz the Greedy
  4879 | D:5      | Found an ancient bone altar of Kikubaaqudgha.
  4882 | D:5      | Found a bloodstained altar of Trog.
  4883 | D:5      | Found a deep blue altar of Sif Muna.
  4883 | D:5      | Found a sacrificial altar of Ru.
  5010 | D:5      | Found a hide-covered altar of Uskayaw.
  5035 | D:5      | Killed from afar by an orc wizard

Vault maps used:
D:1:      nzn_arrival_settlement, minmay_shallow_snake_nest
D:3:      minmay_snake_closets
D:4:      first_ration, uniq_pikel, uniq_duvessa, uniq_crazy_yiuf_cottage
D:5:      black_bear_nest_1, grunt_temple_overflow_open, temple_hall,
          basic_altar, moated_statue
Temple:   nicolae_temple_god_jail

Skill      XL: |  1  2  3  4  5  6  7 |
---------------+----------------------+-----
Armour         | 1 2 3 5 |  5.6
Long Blades    | 4 5 6 |  6.7
Dodging        | 4 5 |  5.1
Shields        | 1 2 3 4 |  4.3
Fighting       | |  2.0
Throwing       | |  2.6

Action                   |  1- 3 |  4- 6 |  7- 9 || total
-------------------------+-------+-------+-------++-------
Melee: Long sword        |    64 |   131 |   107 ||   302
       Kick              |    19 |    27 |    24 ||    70
       Peck              |    10 |    26 |    18 ||    54
Throw: Throwing net      |       |     1 |     1 ||     2
  Use: Scroll            |       |     4 |       ||     4
       Potion            |       |     8 |     3 ||    11
 Stab: Sleeping          |       |     1 |       ||     1
  Eat: Chunk             |       |     5 |     1 ||     6
       Ration            |       |     1 |     1 ||     2
Armor: Leather armour    |    15 |    28 |     5 ||    48
       Skin              |       |       |    18 ||    18
       Ring mail         |       |       |    12 ||    12
Dodge: Dodged            |    62 |    82 |    37 ||   181
Block: Buckler           |     2 |    26 |    18 ||    46
       Rpst.: Long sword |    17 |    26 |     7 ||    50

Table legend:
 A = Spawn XP
 B = Non-spawn XP
 C = Spawn XP percentage of total XP
 D = Spawn monster count
 E = Non-spawn monster count
 F = Spawn count percentage of total count
 G = Total turns spent on level
                    A         B        C        D         E        F      G
               +---------+---------+-------+---------+---------+-------+---------
         Total |       0 |    1690 |   0.0 |       0 |      99 |   0.0 |  5035
               +---------+---------+-------+---------+---------+-------+---------
           D:1 |       0 |      41 |   0.0 |       0 |      24 |   0.0 |   678
           D:2 |       0 |      60 |   0.0 |       0 |      16 |   0.0 |   993
           D:3 |       0 |     162 |   0.0 |       0 |      33 |   0.0 |   943
           D:4 |       0 |    1156 |   0.0 |       0 |      10 |   0.0 |  1755
           D:5 |       0 |     271 |   0.0 |       0 |      16 |   0.0 |   380
               +---------+---------+-------+---------+---------+-------+---------
